 Dungeon Crawl Stone Soup version 0.17-a0-1646-geb1493d (webtiles) character file.

354 urechis the Magician (level 6, -3/32 HPs)
             Began as a Gargoyle Wizard on Aug 11, 2015.
             Slain by an orc warrior
             ... wielding a +0 dire flail
              (20 damage)
             ... on level 2 of the Dungeon.
             The game lasted 00:06:49 (3166 turns).

urechis the Magician (Gargoyle Wizard)              Turns: 3166, Time: 00:06:49

Health: -3/32      AC:  6    Str: 11    XL:     6   Next: 63%
Magic:  4/13       EV: 11    Int: 20    God:
Gold:   68         SH:  0    Dex:  8    Spells: 3 memorised, 9 levels left

rFire  . . .     SeeInvis .     u - +0 quarterstaff
rCold  . . .     Clarity  .     a - +0 robe
rNeg   + . .     SustAt   .     (no shield)
rPois  ∞         Gourm    .     b - +0 hat
rElec  +         Spirit   .     (no cloak)
rCorr  .         Warding  .     (no gloves)
rMut   .         Stasis   .     (no boots)
MR     +....                    (no amulet)
Stlth  +.........               p - ring of loudness (curse)
                                i - ring of protection from magic

@: somewhat resistant to hostile enchantments, very unstealthy
A: negative energy resistance 1, electricity resistance, unbreathing,
petrification resistance, rot immunity, AC +4
a: no special abilities


You were on level 2 of the Dungeon.
You were near starving.

You visited 1 branch of the dungeon, and saw 2 of its levels.

You collected 68 gold pieces.

Inventory:

Hand weapons
 j - a +0 club
 k - a +0 dagger
 u - a +0 quarterstaff (weapon)
Armour
 a - a +0 robe (worn)
 b - a +0 hat (worn)
 t - a +0 buckler
Jewellery
 i - a ring of protection from magic (left hand)
 p - a cursed ring of loudness (right hand)
 s - an uncursed ring of positive energy
Magical devices
 q - a wand of fireball (2)
Scrolls
 e - a scroll of remove curse {unknown}
 g - a scroll of teleportation {unknown}
 h - a scroll of enchant weapon {unknown}
 r - a scroll of enchant armour {unknown}
 v - 3 scrolls of amnesia {unknown}
Potions
 f - a potion of agility {unknown}
 l - a potion of might {unknown}
 m - a potion of haste {unknown}
 n - a potion of curing {unknown}
 o - 2 potions of lignification {unknown}
Books
 c - a book of Minor Magic

   Spells                             Type                      Level
   a - Magic Dart                     Conjuration                  1
   b - Blink                          Translocation                2
   c - Call Imp                       Summoning                    2
   d - Repel Missiles                 Charms/Air                   2
   e - Slow                           Hexes                        2
   f - Conjure Flame                  Conjuration/Fire             3
   g - Mephitic Cloud                 Conjuration/Poison/Air       3
Comestibles
 d - 3 bread rations


   Skills:
 - Level 1.5 Dodging
 - Level 2.1 Stealth
 + Level 5.2 Spellcasting
 + Level 5.0 Conjurations
   Level 0.8 Summonings
 - Level 0.8 Translocations


You had 9 spell levels left.
You knew the following spells:

 Your Spells              Type           Power        Failure   Level  Hunger
a - Magic Dart            Conj           ####         1%          1    None
b - Blink                 Tloc           N/A          14%         2    None
c - Mephitic Cloud        Conj/Pois/Air  ##......     21%         3    ##.....


Dungeon Overview and Level Annotations

Branches:
Dungeon (2/15)

Altars:


Innate Abilities, Weirdness & Mutations

You are resistant to torment.
Your stone body is resilient (AC +4).
You are immune to poison.
You resist negative energy.
You are resistant to electric shocks.
You can survive without breathing.
You are immune to petrification.
You are immune to rotting.


Message History

Aiming: Magic Dart
Press: ? - help, Shift-Dir - straight line, f/p - orc warrior
Aim: an orc warrior, wielding a dire flail and wearing a chain mail (moderately wounded)
The magic dart hits the orc warrior.
The orc warrior is moderately wounded.
The orc warrior barely misses you.
Casting: Magic Dart
Confirm with . or Enter, or press ? or * to list all spells.
Aiming: Magic Dart
Press: ? - help, Shift-Dir - straight line, f/p - orc warrior
Aim: an orc warrior, wielding a dire flail and wearing a chain mail (moderately wounded)
The magic dart hits the orc warrior.
The orc warrior is heavily wounded.
The orc warrior hits you with a dire flail!
Casting: Magic Dart
Confirm with . or Enter, or press ? or * to list all spells.
You blink.
The orc warrior hits you with a dire flail!!
Ouch! That really hurt!
You die...

#†# #...... ###.#
####### #.#.#
#.#.# ##.#.#
#..#.#########
#..#.##.......
#####..#o##.......
#@o....#.##.......
#o###.##.#.)......
#§# #....).......(
#.# ###.##.......#
#.# ##...........#
#<# #............#
### #............#
#......#######
#..(...#


You could see an orc warrior and an orc.

Vanquished Creatures
  Sigmund (D:2)
  Ijyb (D:2)
  Jessica (D:2)
  Natasha (thrice) (D:2)
  3 adders
  3 oozes
  3 worms (D:2)
  3 giant geckos (D:1)
  An orc (D:2)
  A ball python (D:2)
  4 giant cockroaches
  5 goblins
  10 hobgoblins
  4 kobolds
  2 quokkas (D:2)
  9 bats
  A giant newt (D:2)
  2 jackals (D:1)
  4 rats
61 creatures vanquished.

Notes
Turn   | Place    | Note
--------------------------------------------------------------
     0 | D:1      | urechis the Gargoyle Wizard began the quest for the Orb.
     0 | D:1      | Reached XP level 1. HP: 10/10 MP: 4/4
   148 | D:1      | Reached XP level 2. HP: 15/15 MP: 3/6
   481 | D:1      | Reached XP level 3. HP: 19/19 MP: 4/7
   978 | D:1      | Learned a level 3 spell: Mephitic Cloud
  1011 | D:1      | Learned a level 2 spell: Blink
  1167 | D:2      | Noticed Jessica
  1172 | D:2      | Killed Jessica
  1172 | D:2      | Reached XP level 4. HP: 20/24 MP: 0/9
  1531 | D:2      | Reached skill level 4 in Spellcasting
  1730 | D:2      | Noticed Sigmund
  1811 | D:2      | Noticed Natasha
  1819 | D:2      | Killed Natasha
  1994 | D:2      | Reached XP level 5. HP: 28/28 MP: 6/11
  2049 | D:2      | Noticed Natasha
  2054 | D:2      | Killed Natasha
  2122 | D:2      | Noticed Natasha
  2125 | D:2      | Noticed Ijyb
  2127 | D:2      | Killed Natasha
  2135 | D:2      | Killed Ijyb
  2880 | D:2      | Killed Sigmund
  2880 | D:2      | Reached skill level 5 in Spellcasting
  2880 | D:2      | Reached skill level 5 in Conjurations
  2880 | D:2      | Reached XP level 6. HP: 3/32 MP: 1/13
  3166 | D:2      | Slain by an orc warrior

Vault maps used:
D:1:      sevenhm_arrival_forest_fort_small_6
D:2:      first_bread, uniq_sigmund, uniq_iyjb, uniq_natasha, uniq_jessica

Action                   |  1- 3 |  4- 6 || total
-------------------------+-------+-------++-------
Melee: Unarmed           |     8 |       ||     8
       Dagger            |     6 |       ||     6
       Quarterstaff      |       |    10 ||    10
 Cast: Magic Dart        |    59 |   136 ||   195
       Blink             |       |     1 ||     1
  Eat: Chunk             |     1 |     4 ||     5
